 Dungeon Crawl Stone Soup version 0.29.1-12-g30fa7ad0bf (webtiles) character file.

Game seed: 2829861559925581985

5192 GeoRichter the Carver (level 10, -8/91 HPs)
             Began as a Minotaur Berserker on Dec 25, 2022.
             Was an Elder of Trog.
             Mangled by a vampire (10 damage)
             ... on level 8 of the Dungeon.
             The game lasted 00:15:44 (10338 turns).

GeoRichter the Carver (Minotaur Berserker)         Turns: 10338, Time: 00:15:45

Health: -8/91      AC:  7    Str: 22    XL:     10   Next: 34%
Magic:  9/9        EV: 15    Int:  4    God:    Trog [****..]
Gold:   480        SH:  5    Dex: 14    Spells: 9/9 levels left

rFire   + . .      SeeInvis .   b - +6 dagger (venom)
rCold   . . .      Faith    .   (no shield)
rNeg    . . .      Spirit   .   n - +1 leather armour of Catatonia {rF+ Will+}
rPois   .          Reflect  +   (helmet restricted)
rElec   .          Harm     .   H - +0 cloak
rCorr   .          Rampage  .   E - +0 pair of gloves
Will    +....                   (no boots)
Stlth   +.........              d - amulet of reflection
HPRegen 0.25/turn               D - ring of flight
MPRegen 0.11/turn               (no ring)

@: flying
A: horns 2, retaliatory headbutt
a: Renounce Religion, Berserk, Trog's Hand, Brothers in Arms


You were on level 8 of the Dungeon.
You worshipped Trog.
Trog was greatly pleased with you.
You visited 1 branch of the dungeon, and saw 8 of its levels.
You also visited: Sewer.

You collected 480 gold pieces.

Inventory:

Hand Weapons
 a - a +0 falchion
 b - a +6 dagger of venom (weapon)
   (You took it off Dowan on level 5 of the Dungeon)
 C - the +5 sling of the Disturbing Deaths {vorpal, Fragile rElec rF++ Will+}
   (You found it on level 4 of the Dungeon)

   Any ammunition fired from it inflicts extra damage upon your enemies.
   rF:        It greatly protects you from fire.
   rElec:     It insulates you from electricity.
   Fragile:   It will be destroyed if unequipped.
   Will:      It increases your willpower.
Armour
 f - a +0 scale mail
   (You found it on level 1 of the Dungeon)
 l - a scarf of shadows
   (You found it on level 2 of the Dungeon)
 n - the +1 leather armour of Catatonia (worn) {rF+ Will+}
   (You found it on level 2 of the Dungeon)

   rF:        It protects you from fire.
   Will:      It increases your willpower.
 E - a +0 pair of gloves (worn)
   (You found it on level 6 of the Dungeon)
 H - a +0 cloak (worn)
   (You found it on level 7 of the Dungeon)
Jewellery
 d - an amulet of reflection (around neck)
   (You found it on level 1 of the Dungeon)
 D - a ring of flight (left hand)
   (You found it on level 5 of the Dungeon)
 I - a +6 ring of intelligence
   (You found it on level 7 of the Dungeon)
Wands
 p - a wand of roots (10)
   (You found it on level 4 of the Dungeon)
 F - a wand of light (8)
   (You found it on level 6 of the Dungeon)
 K - a wand of polymorph (6)
   (You took it off a centaur on level 7 of the Dungeon)
Scrolls
 c - 6 scrolls of teleportation {@r4}
 e - a scroll of enchant armour {unknown}
 h - 4 scrolls of magic mapping
 i - a scroll of torment {unknown}
 k - 2 scrolls of blinking
 r - 2 scrolls of poison {unknown}
 v - a scroll of amnesia {unknown}
 w - 2 scrolls of vulnerability {unknown}
 z - a scroll of butterflies {unknown}
 A - a scroll of enchant weapon {unknown}
 G - 2 scrolls of noise {unknown}
 J - a scroll of acquirement {unknown}
 L - a scroll of immolation {unknown}
 M - a scroll of identify {@r1}
Potions
 g - 4 potions of cancellation {unknown}
 j - 3 potions of haste {unknown}
 m - 4 potions of curing {@q1}
 o - a potion of degeneration {unknown}
 q - a potion of might {unknown}
 s - 2 potions of resistance {unknown}
 t - 2 potions of heal wounds {unknown}
 u - a potion of invisibility {unknown}
 x - 2 potions of attraction {unknown}
 y - a potion of flight {unknown}
 B - a potion of mutation {unknown}


   Skills:
 + Level 9.2 Fighting
 * Level 12.5 Long Blades
 + Level 6.5 Armour
 * Level 8.2 Dodging
 + Level 2.3 Evocations


You had 9 spell levels left.
You didn't know any spells.
Your spell library was empty.

Dungeon Overview and Level Annotations

Branches:
Dungeon (8/15) Zot: 26290  Temple (0/1) D:5           Sewer (visited)
   Lair: D:8-11

Altars:
Ashenzari
Trog

Shops:
D:2 *


Innate Abilities, Weirdness & Mutations

You have a pair of horns on your head.
You reflexively headbutt those who attack you in melee.


Message History

You hit the vampire. Your headbutt misses the vampire.
The vampire hits you but does no damage.
You block the vampire's attack.
You hit the vampire. You hit the vampire. The vampire hits you.
The vampire barely misses you.
You closely miss the vampire.
You headbutt the vampire, but do no damage.
You hit the vampire but do no damage. Your headbutt misses the vampire.
Your punch misses the vampire. The vampire draws life force from you!
The vampire is healed by the life force!
You hit the vampire but do no damage.
The vampire mumbles some strange words.
The vampire flickers and vanishes!
Deactivating autopickup; reactivate with Ctrl-A.
You completely miss something. You hit something.
Your headbutt misses something. Something barely misses you.
Something bites you.
Something draws strength from your injuries!
You closely miss something. Your headbutt misses something.
You hit something but do no damage. Something barely misses you.
Something bites you but does no damage.
You hit something but do no damage. You headbutt something. Something hits you!
Something bites you.
Something draws strength from your injuries!
You barely miss something. Something hits you!
* * * LOW HITPOINT WARNING * * *
Something bites you.
* * * LOW HITPOINT WARNING * * *
Something draws strength from your injuries!
Unknown command.
The bolt of light hits something!
Something hits you.
* * * LOW HITPOINT WARNING * * *
Something bites you.
* * * LOW HITPOINT WARNING * * *
Something draws strength from your injuries!
The bolt of light hits something!
Something hits you but does no damage. Something bites you!
* * * LOW HITPOINT WARNING * * *
Something draws strength from your injuries!
Unknown command.
The bolt of light hits something.
Something draws life force from you!
* * * LOW HITPOINT WARNING * * *
Something hits you.
* * * LOW HITPOINT WARNING * * *
Something bites you!
You die...

#+## ##########...##
#..@....#.....#
#${#..#........
.....#........[...
......###...........
#..... #...........
##...# ##.........#
#... #........# #..#
##..#...##
#...#+####


There were no monsters in sight!

Vanquished Creatures
  A boulder beetle (D:8)
  A centaur warrior (D:8)
  Pikel (D:7)
  Grinder (D:3)
  Sigmund (D:2)
  Eustachio (D:6)
  A steam dragon (D:7)
  Duvessa (D:5)
  An orc warrior (D:5)
  A sky beast (D:7)
  3 black bears
  2 ogres
  7 centaurs
  A lemure (D:7)
  3 phantoms
  3 kobold brigands (Sewer)
  2 bullfrogs
  6 killer bees (D:7)
  Dowan (D:5)
  A howler monkey (D:7)
  4 hounds
  4 jellies
  2 orc priests
  Jessica (D:2)
  An iguana (D:5)
  5 orc wizards
  6 gnolls
  6 adders
  A river rat (D:3)
  A shadow imp (D:7)
  2 ufetubi (D:4)
  2 worms
  2 dart slugs
  20 orcs
  11 ball pythons
  9 bats
  12 endoplasms
  5 giant cockroaches
  6 goblins
  9 hobgoblins
  8 jackals
  21 kobolds
  3 quokkas
  A frilled lizard (D:3)
  13 rats
194 creatures vanquished.

Vanquished Creatures (others)
  A plant (Sewer)
1 creature vanquished.

Grand Total: 195 creatures vanquished

Notes
Turn   | Place    | Note
-------+----------+-------------------------------------------
     0 | D:1      | GeoRichter the Minotaur Berserker began the quest for the
                  | Orb.
     0 | D:1      | Reached XP level 1. HP: 19/19 MP: 0/0
   267 | D:1      | Found a faded altar of an unknown god.
   271 | D:1      | Reached skill level 4 in Long Blades
   362 | D:1      | Reached XP level 2. HP: 23/27 MP: 1/1
   769 | D:1      | Reached XP level 3. HP: 31/33 MP: 2/2
   794 | D:1      | Reached ** piety under Trog
   987 | D:2      | Found Liluraeloacs's Assorted Antiques.
  1338 | D:2      | Noticed Jessica
  1345 | D:2      | Killed Jessica
  1346 | D:2      | Reached skill level 5 in Long Blades
  1346 | D:2      | Reached XP level 4. HP: 35/41 MP: 3/3
  1462 | D:2      | Noticed Sigmund
  1469 | D:2      | Killed Sigmund
  1470 | D:2      | Reached skill level 5 in Fighting
  1470 | D:2      | Reached skill level 6 in Long Blades
  1470 | D:2      | Reached XP level 5. HP: 27/48 MP: 4/4
  1605 | D:2      | Identified the +1 leather armour of Catatonia {rF+ Will+}
  2193 | D:3      | Reached skill level 7 in Long Blades
  2197 | D:3      | Reached XP level 6. HP: 53/56 MP: 5/5
  2243 | D:3      | Found a broken altar of Ashenzari.
  2285 | D:3      | Noticed Grinder
  2292 | D:3      | Paralysed by Grinder for 2 turns
  2299 | D:3      | Killed Grinder
  2300 | D:3      | Reached skill level 8 in Long Blades
  2328 | D:3      | Reached XP level 7. HP: 61/63 MP: 6/6
  2388 | D:3      | Found a glowing drain.
  2416 | D:3      | Reached *** piety under Trog
  2425 | Sewer    | Entered a sewer
  2906 | Sewer    | Reached skill level 9 in Long Blades
  3452 | D:3      | Identified the +8 mace of Igogedon {freeze, rElec Will+++
                  | Int-4 Stlth+}
  4098 | D:4      | Identified the +5 sling of the Disturbing Deaths {vorpal,
                  | Fragile rElec rF++ Will+}
  4155 | D:4      | Reached **** piety under Trog
  4197 | D:4      | Reached XP level 8. HP: 67/73 MP: 7/7
  4445 | D:5      | Entered Level 5 of the Dungeon
  5020 | D:5      | Found a bloodstained altar of Trog.
  5095 | D:5      | Noticed Dowan
  5096 | D:5      | Noticed Duvessa
  5110 | D:5      | Killed Duvessa
  5112 | D:5      | Killed Dowan
  5113 | D:5      | Reached skill level 10 in Long Blades
  5702 | D:5      | Found a staircase to the Ecumenical Temple.
  5820 | D:5      | Reached skill level 5 in Dodging
  6780 | D:6      | Reached XP level 9. HP: 57/81 MP: 8/8
  6956 | D:6      | Noticed Eustachio
  6968 | D:6      | Killed Eustachio
  7964 | D:6      | Reached skill level 11 in Long Blades
  7969 | D:6      | Reached skill level 5 in Armour
  9039 | D:7      | Reached skill level 1 in Evocations
  9068 | D:7      | Noticed Pikel
  9227 | D:7      | Killed Pikel
  9228 | D:7      | Reached skill level 12 in Long Blades
  9228 | D:7      | Reached XP level 10. HP: 82/90 MP: 9/9
  9681 | D:8      | Noticed a boulder beetle
  9707 | D:8      | Killed a boulder beetle
 10041 | D:8      | Noticed a centaur warrior
 10063 | D:8      | Killed a centaur warrior
 10338 | D:8      | HP: 2/91 [something (6)]
 10338 | D:8      | Mangled by a vampire

Illustrated notes

Levels and vault maps discovered:
D:1:      sevenhm_arrival_forest_fort_small_4, layout_basic,
          hellmonk_ecumenical_altar_arch_garden
D:2:      layout_basic, serial_shops, nicolae_shop_crystal,
          kennysheep_generic_room_4, uniq_sigmund, uniq_jessica
D:3:      layout_basic, mainiacjoe_overflow_brackets, portal_sewer_entry_c,
          uniq_grinder
D:4:      layout_rooms
D:5:      layout_loops_corners, trog_hazing_becter, temple_green,
          minmay_misc_feat_x, grunt_decor_mini_mirrors, uniq_duvessa
D:6:      layout_cave_pools, centaur_isle, uniq_eustachio
D:7:      layout_loops_ring, serial_co_window_serial, co_window_paths_a,
          co_window_paths_a, co_window_corner_a, co_window_paths_b,
          co_window_corner_a, co_window_cross_4, co_window_broadway_b,
          co_window_corner_ca, co_window_broadway_a, co_window_corner_b,
          co_window_cross_3, co_window_4corner_a, co_window_paths_d,
          glass_columns_a, glass_columns_b, glass_columns_b, glass_columns_b,
          grunt_decor_resistance, minivault_22, uniq_pikel
D:8:      minmay_diamond_stairs, layout_loops_corners, serial_glass,
          glass_columns_b, glass_columns_c

Skill      XL: |  1  2  3  4  5  6  7  8  9 10 |
---------------+-------------------------------+-----
Long Blades    | 4 5 6 7 8 9 10 12 | 12.5
Fighting       | 4 5 6 7 8 9 |  9.2
Dodging        | 3 5 7 8 |  8.2
Armour         | 3 4 6 |  6.5
Evocations     | 1 2 |  2.3

Action                   |  1- 3 |  4- 6 |  7- 9 | 10-12 || total
-------------------------+-------+-------+-------+-------++-------
Melee: Falchion          |    88 |    70 |   248 |       ||   406
       Headbutt          |    12 |    16 |    77 |    10 ||   115
       Punch             |     1 |       |     5 |       ||     6
       Dagger            |       |       |   176 |    42 ||   218
Invok: Berserk           |     1 |     2 |     2 |     1 ||     6
       Trog's Hand       |       |       |     2 |       ||     2
Evoke: Wand              |       |       |     1 |     5 ||     6
  Use: Scroll            |       |       |     5 |       ||     5
       Potion            |       |       |     1 |       ||     1
Armor: Animal skin       |     2 |       |       |       ||     2
       Scale mail        |    22 |    16 |    10 |       ||    48
       Leather armour    |       |     3 |    78 |     9 ||    90
Dodge: Dodged            |    41 |    26 |   244 |    17 ||   328
Block: Other             |    29 |    20 |   102 |     7 ||   158
       Reflection        |     1 |     1 |    14 |     2 ||    18
